 Dungeon Crawl Stone Soup version 0.30.1-9-gdf580d7c3d (webtiles) character file.

Game seed: 194384223070198378

83 jagang the Trooper (level 4, -1/37 HPs)
             Began as a Barachi Monk on Oct 25, 2023.
             Killed from afar by Grinder (6 damage)
             ... with a puff of flame
             ... on level 3 of the Dungeon.
             The game lasted 00:02:59 (1683 turns).

jagang the Trooper (Barachi Monk)                   Turns: 1683, Time: 00:03:00

Health: -1/37      AC: 13    Str: 12    XL:     4   Next: 44%
Magic:  4/4        EV:  7    Int: 10    God:
Gold:   107        SH:  0    Dex: 17    Spells: 3/3 levels left

rFire   . . .        a - +0 falchion
rCold   . . .        d - orb {light}
rNeg    . . .        i - +0 chain mail
rPois   .            (no helmet)
rElec   .            (no cloak)
rCorr   .            (no gloves)
SInv    +            (no boots)
Will    .....        (no amulet) Stlth
                     e - +4 ring of protection
HPRegen 0.26/turn    s - ring of see invisible
MPRegen 0.09/turn

%: no passive effects
@: glowing, slow
A: amphibious, slowness 1, strong legs 1, +LOS
a: Hop


You were on level 3 of the Dungeon.
You visited 1 branch of the dungeon, and saw 3 of its levels.

You collected 107 gold pieces.

Inventory:

Hand Weapons
 a - a +0 falchion (weapon)
Missiles
 t - 3 curare-tipped darts
Armour
 d - an orb of light (worn)
 i - a +0 chain mail (worn)
Jewellery
 e - a +4 ring of protection (left hand)
 s - a ring of see invisible (right hand)
Scrolls
 b - a scroll of fog
 f - 4 scrolls of magic mapping {unknown}
 k - 2 scrolls of immolation {unknown}
 l - a scroll of silence
 n - a scroll of amnesia
 p - a scroll of summoning
 q - a scroll of blinking {unknown}
 r - a scroll of teleportation {unknown}
 u - a scroll of poison {unknown}
 v - a scroll of acquirement {unknown}
Potions
 g - 2 potions of attraction {unknown}
 h - a potion of heal wounds {unknown}
 j - a potion of degeneration {unknown}
 m - 3 potions of curing {unknown}
 o - a potion of mutation {unknown}
 w - a potion of invisibility {unknown}


   Skills:
 + Level 4.2 Fighting
 + Level 4.2 Long Blades
 * Level 2.9 Armour
 + Level 3.8 Dodging


You had 3 spell levels left.
You didn't know any spells.
Your spell library contained the following spells:

 Spells                   Type           Power      Damage    Failure   Level
 Sandblast                Erth           0%         2d4       100%        1
 Shock                    Conj/Air       0%         1d3       100%        1
 Passwall                 Tmut/Erth      0%         N/A       100%        2
 Static Discharge         Conj/Air       0%         2-2/arc   100%        2
 Stone Arrow              Conj/Erth      0%         3d7       100%        3
 Swiftness                Air            0%         N/A       100%        3
 Airstrike                Air            0%         2d(0-16)  100%        4
 Summon Lightning Spire   Summ/Air       0%         N/A       100%        4


Dungeon Overview and Level Annotations

Branches:
Dungeon (3/15)

Altars:

Annotations:
D:3 Grinder


Innate Abilities, Weirdness & Mutations

You are amphibious.
You cover ground slowly.
You can hop short distances.
You have an extended range of vision and can be seen from far away.


Message History

The hobgoblin attacks as you move away! The hobgoblin barely misses you.
The bat hits you but does no damage. x2
You bump into the rock wall.
The bat hits you but does no damage. The bat barely misses you.
The hobgoblin hits you but does no damage.
Grinder gestures at you. You resist with significant effort.
You barely miss the bat.
You feel less invigorated.
You feel less confused. The bat barely misses you.
The bat hits you but does no damage.
The hobgoblin hits you but does no damage.
Grinder closely misses you.
You barely miss Grinder.
Grinder is moderately wounded.
The bat barely misses you. The hobgoblin closely misses you.
Grinder gestures at you. Pain shoots through your body!
* * * LOW HITPOINT WARNING * * *
You hit Grinder but do no damage.
Grinder is moderately wounded.
The bat hits you but does no damage. The hobgoblin hits you.
* * * LOW HITPOINT WARNING * * *
Grinder hits you but does no damage.
You closely miss Grinder.
Grinder is moderately wounded.
The hobgoblin closely misses you. Grinder closely misses you.
The bat barely misses you.
You hit Grinder but do no damage.
Grinder is moderately wounded.
The bat barely misses you. The hobgoblin completely misses you.
Grinder blinks!
The bat barely misses you. The hobgoblin hits you.
* * * LOW HITPOINT WARNING * * *
The hobgoblin barely misses you. The bat hits you but does no damage.
You hit the bat.
You kill the bat!
The bat barely misses you. The hobgoblin barely misses you.
You hit the hobgoblin but do no damage. The bat barely misses you.
The hobgoblin hits you but does no damage.
Grinder zaps a wand.
The puff of flame hits you.
You die...

.... ....... . ....
....#.## # .......
#......#.###
........#......#....
.... ...#..........
..... ...........[.....
#..... #......# .....
#...##gb....# ......
#..@......# ......
#.##......#####.##..
...............#.###.
.......5.#.#...........
#....5..................
#...............##......
# .......######.##..####
.###.#.# #.#....### ##
#.#.. ##...##....


You could see Grinder, a hobgoblin and a bat.

Vanquished Creatures
  2 adders (D:2)
  A worm (D:2)
  2 dart slugs (D:2)
  An orc (D:3)
  8 ball pythons
  5 endoplasms
  7 giant cockroaches
  2 goblins
  2 hobgoblins
  A jackal (D:1)
  5 kobolds
  4 quokkas
  4 bats
  3 frilled lizards
  4 rats
51 creatures vanquished.

Notes
Turn   | Place    | Note
-------+----------+-------------------------------------------
     0 | D:1      | jagang the Barachi Monk began the quest for the Orb.
     0 | D:1      | Reached XP level 1. HP: 18/18 MP: 1/1
    34 | D:1      | Found a faded altar of an unknown god.
    73 | D:1      | Reached skill level 1 in Armour
    73 | D:1      | Reached XP level 2. HP: 24/25 MP: 2/2
   457 | D:1      | Reached XP level 3. HP: 30/30 MP: 3/3
  1124 | D:2      | Reached XP level 4. HP: 33/37 MP: 4/4
  1663 | D:3      | Noticed Grinder
  1672 | D:3      | HP: 1/37 [Grinder (6)]
  1683 | D:3      | Killed from afar by Grinder

Illustrated notes

Levels and vault maps discovered:
D:1:      enne_arrival_octagon_isle, layout_loops_ring,
          nicolae_ecumenical_snake_handling, amcnicky_mini_pool_small,
          minmay_ruptured
D:2:      layout_basic
D:3:      layout_rooms, serial_shops, nicolae_shop_behind_doors, uniq_grinder

Skill      XL: |  1  2  3 |
---------------+----------+-----
Armour         | 1 2 |  2.9
Fighting       | 4 |  4.2
Long Blades    | 4 |  4.2
Dodging        | |  3.8

Action                     |  1- 3 |  4- 6 || total
---------------------------+-------+-------++-------
  Melee: Falchion          |    92 |    51 ||   143
    Use: Scroll            |       |     4 ||     4
         Potion            |       |     1 ||     1
 Armour: Chain mail        |    55 |    63 ||   118
  Dodge: Dodged            |    35 |    49 ||    84
